 Dungeon Crawl Stone Soup version 0.22-a0-348-gd16d139 (webtiles) character file.

380 xccam the Shield-Bearer (level 6, -5/47 HPs)
             Began as a Gnoll Wanderer on Apr 8, 2018.
             Was a Believer of Cheibriados.
             Slain by a bullfrog (6 damage)
             ... in a sewer.
             The game lasted 00:06:26 (2252 turns).

xccam the Shield-Bearer (Gnoll Wanderer)            Turns: 2252, Time: 00:06:26

Health: -5/47      AC: 10    Str: 23    XL:     6   Next: 75%
Magic:  9/9        EV:  6    Int: 24    God:    Cheibriados [**....]
Gold:   74         SH: 11    Dex: 25    Spells: 9/9 levels left

rFire    . . .     SeeInvis .   b - +0 falchion
rCold    . . .     Gourm    .   a - +0 shield
rNeg     . . .     Faith    .   e - +0 scale mail
rPois    .         Spirit   .   m - +0 helmet
rElec    .         Reflect  .   (no cloak)
rCorr    .         Harm     .   k - +1 pair of gloves
MR       .....                  (no boots)
Stlth    ++........             (no amulet)
HPRegen  0.15/turn              (no ring)
MPRegen  0.11/turn              (no ring)

@: brilliant, constricted, very slow
A: distributed training, fangs 1, hooves 1, agile 1, blurry vision 1, clever 1,
strong nose
a: Bend Time, Renounce Religion


You were in a sewer.
You worshipped Cheibriados.
Cheibriados was pleased with you.
You were not hungry.

You visited 1 branch of the dungeon, and saw 3 of its levels.
You also visited: Sewer.

You collected 74 gold pieces.

Inventory:

Hand Weapons
 b - a +0 falchion (weapon)
Armour
 a - a +0 shield (worn)
 e - a +0 scale mail (worn)
 i - a +0 chain mail
 k - a +1 pair of gloves (worn)
 m - a +0 helmet (worn)
Scrolls
 c - 6 scrolls of identify {unknown}
 g - 4 scrolls of teleportation {unknown}
 h - a scroll of blinking {unknown}
 j - 4 scrolls of remove curse {unknown}
 n - a scroll of fog {unknown}
 o - 2 scrolls of magic mapping {unknown}
Potions
 p - a potion of brilliance
Comestibles
 f - 4 rations


   Skills:
 + Level 3.3 Fighting
 + Level 2.0 Short Blades
 + Level 5.0 Long Blades
 + Level 2.0 Axes
 + Level 2.0 Maces & Flails
 + Level 2.0 Polearms
 + Level 2.0 Staves
 + Level 2.0 Slings
 + Level 2.0 Bows
 + Level 3.3 Crossbows
 + Level 2.0 Throwing
 + Level 5.0 Armour
 + Level 2.0 Dodging
 + Level 4.6 Stealth
 + Level 5.0 Shields
 + Level 2.0 Unarmed Combat
 + Level 2.0 Spellcasting
 + Level 1.6 Conjurations
 + Level 1.6 Hexes
 + Level 1.6 Charms
 + Level 1.6 Summonings
 + Level 1.6 Necromancy
 + Level 1.6 Translocations
 + Level 1.6 Transmutations
 + Level 1.6 Fire Magic
 + Level 1.6 Ice Magic
 + Level 1.6 Air Magic
 + Level 1.6 Earth Magic
 + Level 1.6 Poison Magic
 + Level 2.2 Invocations
 + Level 2.0 Evocations


You had 9 spell levels left.
You didn't know any spells.

Dungeon Overview and Level Annotations

Branches:
Dungeon (3/15)

Altars:
Cheibriados
Fedhas
Nemelex Xobeh
Okawaru
Qazlal
Ru


Innate Abilities, Weirdness & Mutations

Your experience applies equally to all skills.
You have very sharp teeth.
Your uncanny sense of smell can sniff out nearby items.
You have large cloven feet.
You are agile. (Dex +2)
Scrolls take you a little longer to read.
Your mind is acute. (Int +2)


Message History

The ooze splashes around in the water.
You block the bullfrog's attack.
The ball python bites you but does no damage.
The ball python constricts you. The frilled lizard barely misses you.
You riposte.
You hit the frilled lizard.
You kill the frilled lizard!
Cheibriados thoroughly appreciates the change of pace.
Cheibriados raises the support of your attributes as your movement slows.
You block the bullfrog's attack.
The ball python bites you but does no damage.
As you read the scroll labeled FIMIUWN MAUM, it crumbles to dust.
It is a scroll of enchant armour.
Your +0 pair of gloves glows green for a moment.
Okay, then.
Really read with blurry vision while enemies are nearby?
You block the ooze's attack. The bullfrog closely misses you.
You riposte.
You barely miss the bullfrog. You kick the bullfrog.
The bullfrog is almost dead.
The ball python barely misses you. The ball python constricts you.
The bullfrog hits you.
You die...

#####################
###..≈≈≈≈≈≈≈≈SF†≈≈≈≈..F
##....≈≈≈≈≈#≈.@F≈≈≈≈≈..J
#.....≈≈≈≈≈≈#≈JS≈≈≈≈≈...
#.....≈≈≈≈≈≈≈≈≈≈≈≈≈≈≈...
##.....≈≈≈≈≈≈≈≈≈≈≈≈≈≈≈...
#.....#≈≈≈≈≈≈≈≈≈≈≈≈≈≈≈...
#....####################
##...#### ∆ #....#..# ∆ ∆
#....'..# ∆∆∆


You could see 2 bullfrogs, an ooze and 2 ball pythons.

Vanquished Creatures
  Sigmund (D:2)
  Terence (D:2)
  Robin (D:3)
  8 adders
  2 river rats (Sewer)
  An ooze (Sewer)
  3 leopard geckos
  4 bats
  5 giant cockroaches
  11 goblins
  10 hobgoblins
  11 ball pythons
  6 frilled lizards
  4 kobolds
  29 rats
97 creatures vanquished.

Notes
Turn   | Place    | Note
-------+----------+-------------------------------------------
     0 | D:1      | xccam the Gnoll Wanderer began the quest for the Orb.
     0 | D:1      | xccam set off with: a +0 shield, a +0 falchion, a +0 ring mail, a +0 dagger, a ration
     0 | D:1      | Reached XP level 1. HP: 17/17 MP: 1/1
   112 | D:1      | Reached XP level 2. HP: 17/23 MP: 2/2
   898 | D:2      | Noticed Sigmund
   900 | D:2      | Reached XP level 3. HP: 28/28 MP: 3/3
   902 | D:2      | Noticed Terence
   965 | D:2      | Reached skill level 1 in Invocations
  1033 | D:2      | Reached skill level 1 in Short Blades
  1033 | D:2      | Reached skill level 1 in Axes
  1033 | D:2      | Reached skill level 1 in Maces & Flails
  1033 | D:2      | Reached skill level 1 in Polearms
  1033 | D:2      | Reached skill level 1 in Staves
  1033 | D:2      | Reached skill level 1 in Slings
  1033 | D:2      | Reached skill level 1 in Bows
  1033 | D:2      | Reached skill level 1 in Throwing
  1033 | D:2      | Reached skill level 1 in Dodging
  1033 | D:2      | Reached skill level 1 in Unarmed Combat
  1033 | D:2      | Reached skill level 1 in Spellcasting
  1033 | D:2      | Reached skill level 1 in Evocations
  1118 | D:2      | Found a blossoming altar of Fedhas.
  1119 | D:2      | Found a snail-covered altar of Cheibriados.
  1119 | D:2      | Found a sacrificial altar of Ru.
  1235 | D:2      | Reached XP level 4. HP: 31/34 MP: 5/5
  1348 | D:2      | Killed Sigmund
  1348 | D:2      | Reached skill level 1 in Conjurations
  1348 | D:2      | Reached skill level 1 in Hexes
  1348 | D:2      | Reached skill level 1 in Charms
  1348 | D:2      | Reached skill level 1 in Summonings
  1348 | D:2      | Reached skill level 1 in Necromancy
  1348 | D:2      | Reached skill level 1 in Translocations
  1348 | D:2      | Reached skill level 1 in Transmutations
  1348 | D:2      | Reached skill level 1 in Fire Magic
  1348 | D:2      | Reached skill level 1 in Ice Magic
  1348 | D:2      | Reached skill level 1 in Air Magic
  1348 | D:2      | Reached skill level 1 in Earth Magic
  1348 | D:2      | Reached skill level 1 in Poison Magic
  1348 | D:2      | Reached XP level 5. HP: 14/41 MP: 5/7
  1351 | D:2      | Gained mutation: Scrolls take you a little longer to read. [potion of mutation]
  1351 | D:2      | Gained mutation: You have large cloven feet. [potion of mutation]
  1351 | D:2      | Gained mutation: Your mind is acute. (Int +2) [potion of mutation]
  1351 | D:2      | Gained mutation: You are agile. (Dex +2) [potion of mutation]
  1363 | D:2      | Killed Terence
  1363 | D:2      | Reached XP level 6. HP: 16/47 MP: 6/8
  1543 | D:2      | Found a sparkling altar of Nemelex Xobeh.
  1552 | D:2      | Found a stormy altar of Qazlal.
  1558 | D:2      | Found an iron altar of Okawaru.
  1704 | D:2      | Became a worshipper of Cheibriados the Contemplative
  1913 | D:3      | Noticed Robin
  1929 | D:3      | Killed Robin
  1998 | D:3      | Found a glowing drain.
  2029 | Sewer    | Entered a sewer
  2050 | Sewer    | Reached * piety under Cheibriados
  2110 | Sewer    | Reached skill level 5 in Long Blades
  2110 | Sewer    | Reached skill level 5 in Armour
  2110 | Sewer    | Reached skill level 5 in Shields
  2158 | Sewer    | Reached ** piety under Cheibriados
  2250 | Sewer    | HP: 2/47 [ball python (1)]
  2252 | Sewer    | Slain by a bullfrog

Vault maps used:
D:1:      kennysheep_arrival_seaside, grunt_decor_fettered
D:2:      gammafunk_temple_overflow_forgotten, minitemple, first_ration,
          uniq_terence, uniq_sigmund
D:3:      portal_sewer_entry_f, uniq_robin
Sewer:    sewer_minmay_w

Skill      XL: |  1  2  3  4  5  6 |
---------------+-------------------+-----
Invocations    | 1 2 |  2.2
Short Blades   | 1 2 |  2.0
Axes           | 1 2 |  2.0
Maces & Flails | 1 2 |  2.0
Polearms       | 1 2 |  2.0
Staves         | 1 2 |  2.0
Slings         | 1 2 |  2.0
Bows           | 1 2 |  2.0
Throwing       | 1 2 |  2.0
Dodging        | 1 2 |  2.0
Unarmed Combat | 1 2 |  2.0
Spellcasting   | 1 2 |  2.0
Evocations     | 1 2 |  2.0
Fighting       | 3 |  3.3
Crossbows      | 3 |  3.3
Conjurations   | 1 |  1.6
Hexes          | 1 |  1.6
Charms         | 1 |  1.6
Summonings     | 1 |  1.6
Necromancy     | 1 |  1.6
Translocations | 1 |  1.6
Transmutations | 1 |  1.6
Fire Magic     | 1 |  1.6
Ice Magic      | 1 |  1.6
Air Magic      | 1 |  1.6
Earth Magic    | 1 |  1.6
Poison Magic   | 1 |  1.6
Long Blades    | 5 |  5.0
Armour         | 5 |  5.0
Shields        | 5 |  5.0
Stealth        | |  4.6

Action                   |  1- 3 |  4- 6 || total
-------------------------+-------+-------++-------
Melee: Falchion          |    99 |   171 ||   270
       Bite              |    15 |    31 ||    46
       Kick              |       |    53 ||    53
  Use: Potion            |       |     5 ||     5
       Scroll            |       |     1 ||     1
 Stab: Sleeping          |     4 |     2 ||     6
  Eat: Chunk             |     1 |       ||     1
       Ration            |       |     1 ||     1
Armor: Ring mail         |    23 |     6 ||    29
       Scale mail        |       |    90 ||    90
Dodge: Dodged            |    39 |   105 ||   144
Block: Shield            |    46 |   141 ||   187
       Rpst.: Falchion   |     7 |    32 ||    39

Table legend:
 A = Spawn XP
 B = Non-spawn XP
 C = Spawn XP percentage of total XP
 D = Spawn monster count
 E = Non-spawn monster count
 F = Spawn count percentage of total count
 G = Total turns spent on level
                    A         B        C        D         E        F      G
               +---------+---------+-------+---------+---------+-------+---------
         Total |       0 |     543 |   0.0 |       0 |      97 |   0.0 |  2252
               +---------+---------+-------+---------+---------+-------+---------
           D:1 |       0 |      42 |   0.0 |       0 |      18 |   0.0 |   949
           D:2 |       0 |     313 |   0.0 |       0 |      19 |   0.0 |   862
           D:3 |       0 |      48 |   0.0 |       0 |      17 |   0.0 |   218
         Sewer |       0 |     140 |   0.0 |       0 |      43 |   0.0 |   223
               +---------+---------+-------+---------+---------+-------+---------
